| TOP OF THE 1ST |
|
Hartford Yard Goats batting - Pitching for West Virginia Power : RHP Fred McIlrath
|
|
Pitching: RHP Fred McIlrath
|
|
|
Batting: RHB Doug D'Onofrio
|
0-0: Ground out 3-1 (Groundball, 34, EV 89.4 MPH)
|
|
Batting: LHB Mick Tucker
|
0-0: Called Strike 0-1: Foul Ball, location: 2F 0-2: Ground out 4-3 (Groundball, 4M, EV 101.9 MPH)
|
|
Batting: RHB Kevin Tangeman
|
0-0: Ball 1-0: Swinging Strike 1-1: Ball 2-1: Ground out 6-3 (Groundball, 6, EV 101.2 MPH)
|
| Top of the 1st over - 0 runs, 0 hits, 0 errors, 0 left on base; Hartford 0 - West Virginia 0 |
| BOTTOM OF THE 1ST |
|
West Virginia Power batting - Pitching for Hartford Yard Goats : RHP Curt De Kock
|
|
Pitching: RHP Curt De Kock
|
|
|
Batting: RHB Ken Manser
|
0-0: Ball 1-0: Ball 2-0: Ball 3-0: Base on Balls
|
|
Batting: RHB Terrence Wilson
|
0-0: Called Strike 0-1: Ball 1-1: Ball Ken Manser steals 2nd base 2-1: Ground out 6-3 (Groundball, 6, EV 89.4 MPH) Ken Manser to third
|
|
Batting: RHB Alain Marquet
|
0-0: Ball 1-0: Foul Ball, location: 2F 1-1: Foul Ball, location: 2F 1-2: Ball 2-2: Ball 3-2: Reached on error, E1 (Groundball, 34S, EV 68.1 MPH) Ken Manser scores
|
|
Batting: LHB Tomohiro Yokoyama
|
0-0: Ball 1-0: Fly out, F8 (Flyball, 8LD, EV 100.6 MPH)
|
|
Batting: RHB Dave Fredericks
|
0-0: Called Strike 0-1: Ball 1-1: Called Strike 1-2: Ball 2-2: Fielders Choice at 2nd, 6-4 (Groundball, 6, EV 86.2 MPH)
|
| Bottom of the 1st over - 1 run, 0 hits, 1 error, 1 left on base; Hartford 0 - West Virginia 1 |
| TOP OF THE 2ND |
|
Hartford Yard Goats batting - Pitching for West Virginia Power : RHP Fred McIlrath
|
|
Batting: LHB Paul McClintock
|
0-0: Ball 1-0: Fly out, F8 (Flyball, 89D, EV 96.9 MPH)
|
|
Batting: RHB Seisaburo Edagawa
|
0-0: Ball 1-0: SINGLE (Groundball, 4MD, EV 107.5 MPH)
|
|
Batting: SHB Craig Ruzic
|
0-0: Ball 1-0: Ball 2-0: Called Strike 2-1: Ball 3-1: Swinging Strike 3-2: Foul Ball, location: 2F 3-2: SINGLE (Groundball, 6S, EV 71.9 MPH) (infield hit) Seisaburo Edagawa to second
|
|
Batting: SHB Clayton Saunders
|
0-0: Ball 1-0: Foul Ball, location: 2F 1-1: Ball 2-1: Called Strike 2-2: Strikes out swinging
|
|
Batting: RHB Chris Kinder
|
0-0: Called Strike 0-1: Ball 1-1: Swinging Strike 1-2: Ball 2-2: Foul Ball, location: 2F 2-2: Strikes out swinging
|
| Top of the 2nd over - 0 runs, 2 hits, 0 errors, 2 left on base; Hartford 0 - West Virginia 1 |
| BOTTOM OF THE 2ND |
|
West Virginia Power batting - Pitching for Hartford Yard Goats : RHP Curt De Kock
|
|
Batting: RHB Jaime Dubicki
|
0-0: Swinging Strike 0-1: Called Strike 0-2: Ball 1-2: Foul Ball, location: 2F 1-2: SINGLE (Groundball, 56D, EV 95.6 MPH)
|
|
Batting: RHB Tim Moore
|
0-0: Grounds into double play, 6-4-3 (Groundball, 6, EV 105.0 MPH)
|
|
Batting: RHB Chris Beckham
|
0-0: Ball 1-0: Swinging Strike 1-1: Ball 2-1: Ground out 4-3 (Groundball, 34, EV 102.5 MPH)
|
| Bottom of the 2nd over - 0 runs, 1 hit, 0 errors, 0 left on base; Hartford 0 - West Virginia 1 |
| TOP OF THE 3RD |
|
Hartford Yard Goats batting - Pitching for West Virginia Power : RHP Fred McIlrath
|
|
Batting: RHB Ighlas Mwara
|
0-0: Called Strike 0-1: Ground out 3-1 (Groundball, 34, EV 102.5 MPH)
|
|
Batting: RHB Doug D'Onofrio
|
0-0: Fly out, F7 (Line Drive, 7, EV 100.0 MPH)
|
|
Batting: LHB Mick Tucker
|
0-0: Ball 1-0: Fly out, F8 (Flyball, 89M, EV 93.8 MPH)
|
| Top of the 3rd over - 0 runs, 0 hits, 0 errors, 0 left on base; Hartford 0 - West Virginia 1 |
| BOTTOM OF THE 3RD |
|
West Virginia Power batting - Pitching for Hartford Yard Goats : RHP Curt De Kock
|
|
Batting: RHB Seung-mun Kim
|
0-0: Ground out 5-3 (Groundball, 56S, EV 88.8 MPH)
|
|
Batting: RHB Ken Manser
|
0-0: Ball 1-0: Foul Ball, location: 2F 1-1: Ball 2-1: Ground out U3 (Groundball, 34, EV 103.1 MPH)
|
|
Batting: RHB Terrence Wilson
|
0-0: Ground out 4-3 (Groundball, 4MS, EV 67.5 MPH)
|
| Bottom of the 3rd over - 0 runs, 0 hits, 0 errors, 0 left on base; Hartford 0 - West Virginia 1 |
| TOP OF THE 4TH |
|
Hartford Yard Goats batting - Pitching for West Virginia Power : RHP Fred McIlrath
|
|
Batting: RHB Kevin Tangeman
|
0-0: Swinging Strike 0-1: Ball 1-1: Swinging Strike 1-2: Strikes out swinging
|
|
Batting: LHB Paul McClintock
|
0-0: Ball 1-0: Foul Ball, location: 2F 1-1: Swinging Strike 1-2: SINGLE (Line Drive, 9S, EV 107.5 MPH)
|
|
Batting: RHB Seisaburo Edagawa
|
0-0: Ball 1-0: Called Strike 1-1: Foul Ball, location: 2F 1-2: Strikes out looking
|
|
Batting: SHB Craig Ruzic
|
0-0: Fly out, F8 (Flyball, 8RM, EV 94.4 MPH)
|
| Top of the 4th over - 0 runs, 1 hit, 0 errors, 1 left on base; Hartford 0 - West Virginia 1 |
| BOTTOM OF THE 4TH |
|
West Virginia Power batting - Pitching for Hartford Yard Goats : RHP Curt De Kock
|
|
Batting: RHB Alain Marquet
|
0-0: Called Strike 0-1: Ball 1-1: Called Strike 1-2: Foul Ball, location: 2F 1-2: Foul Ball, location: 2F 1-2: Ball 2-2: Foul Ball, location: 2F 2-2: Ball 3-2: Base on Balls
|
|
Batting: LHB Tomohiro Yokoyama
|
0-0: Ball 1-0: Foul Ball, location: 2F 1-1: Foul Ball, location: 2F 1-2: Ball 2-2: Strikes out swinging
|
|
Batting: RHB Dave Fredericks
|
0-0: Called Strike 0-1: SINGLE (Line Drive, 34D, EV 101.9 MPH) Alain Marquet to second
|
|
Batting: RHB Jaime Dubicki
|
0-0: Ball 1-0: Called Strike 1-1: Grounds into double play, 6-4-3 (Groundball, 6, EV 102.5 MPH)
|
| Bottom of the 4th over - 0 runs, 1 hit, 0 errors, 1 left on base; Hartford 0 - West Virginia 1 |
| TOP OF THE 5TH |
|
Hartford Yard Goats batting - Pitching for West Virginia Power : RHP Fred McIlrath
|
|
Batting: SHB Clayton Saunders
|
0-0: Called Strike 0-1: Ball 1-1: Called Strike 1-2: Ball 2-2: Ball 3-2: Fly out, F8 (Flyball, 8LM, EV 96.2 MPH)
|
|
Batting: RHB Chris Kinder
|
0-0: Ground out 2-3 (Groundball, 15S, EV 74.4 MPH)
|
|
Batting: RHB Ighlas Mwara
|
0-0: Swinging Strike 0-1: Ball 1-1: Ground out 6-3 (Groundball, 6MD, EV 107.5 MPH)
|
| Top of the 5th over - 0 runs, 0 hits, 0 errors, 0 left on base; Hartford 0 - West Virginia 1 |
| BOTTOM OF THE 5TH |
|
West Virginia Power batting - Pitching for Hartford Yard Goats : RHP Curt De Kock
|
|
Batting: RHB Tim Moore
|
0-0: Called Strike 0-1: Swinging Strike 0-2: Ground out 4-3 (Groundball, 4, EV 83.1 MPH)
|
|
Batting: RHB Chris Beckham
|
0-0: SINGLE (Line Drive, 9LS, EV 105.0 MPH)
|
|
Batting: RHB Seung-mun Kim
|
0-0: Called Strike 0-1: Foul Ball, location: 2F 0-2: Ball 1-2: Strikes out looking
|
|
Batting: RHB Ken Manser
|
0-0: Ground out 5-3 (Groundball, 56S, EV 68.1 MPH)
|
| Bottom of the 5th over - 0 runs, 1 hit, 0 errors, 1 left on base; Hartford 0 - West Virginia 1 |
| TOP OF THE 6TH |
|
Hartford Yard Goats batting - Pitching for West Virginia Power : RHP Fred McIlrath
|
|
Batting: RHB Doug D'Onofrio
|
0-0: Ball 1-0: Called Strike 1-1: SINGLE (Groundball, 6D, EV 95.0 MPH)
|
|
Batting: LHB Mick Tucker
|
0-0: Foul Ball, location: 2F 0-1: Called Strike Doug D'Onofrio is caught stealing 2nd base 2-6 0-2: Ball 1-2: Foul Ball, location: 2F 1-2: Ball 2-2: Ground out 4-3 (Groundball, 4, EV 83.8 MPH)
|
|
Batting: RHB Kevin Tangeman
|
0-0: Ball 1-0: Foul Ball, location: 2F 1-1: Swinging Strike 1-2: Ground out 4-3 (Groundball, 4M, EV 101.9 MPH)
|
| Top of the 6th over - 0 runs, 1 hit, 0 errors, 0 left on base; Hartford 0 - West Virginia 1 |
| BOTTOM OF THE 6TH |
|
West Virginia Power batting - Pitching for Hartford Yard Goats : RHP Curt De Kock
|
|
Batting: RHB Terrence Wilson
|
0-0: Ball 1-0: Called Strike 1-1: SINGLE (Line Drive, 8RS, EV 93.1 MPH)
|
|
Batting: RHB Alain Marquet
|
0-0: Called Strike 0-1: Ball 1-1: Ball 2-1: Grounds into double play, 6-4-3 (Groundball, 6, EV 91.2 MPH)
|
|
Batting: LHB Tomohiro Yokoyama
|
0-0: Foul Ball, location: 2F 0-1: Ground out 1-3 (Groundball, 13, EV 75.6 MPH)
|
| Bottom of the 6th over - 0 runs, 1 hit, 0 errors, 0 left on base; Hartford 0 - West Virginia 1 |
| TOP OF THE 7TH |
|
Hartford Yard Goats batting - Pitching for West Virginia Power : RHP Fred McIlrath
|
|
Batting: LHB Paul McClintock
|
0-0: Ball 1-0: Swinging Strike 1-1: SINGLE (Flyball, 4D, EV 91.9 MPH)
|
|
Batting: RHB Seisaburo Edagawa
|
0-0: Ball 1-0: Fly out, F8 (Line Drive, 8RM, EV 93.8 MPH)
|
|
Batting: SHB Craig Ruzic
|
0-0: Ball 1-0: SINGLE (Groundball, 6MD, EV 105.0 MPH) Paul McClintock to second Runner from 2nd tries for 3rd, SAFE, throw by CF made to third
|
|
Batting: SHB Clayton Saunders
|
0-0: Called Strike Craig Ruzic is caught stealing 2nd base 2-6 0-1: Ball 1-1: Swinging Strike 1-2: SINGLE (Groundball, 34S, EV 66.2 MPH) (infield hit) Paul McClintock scores
|
|
Batting: RHB Chris Kinder
|
0-0: Ball 1-0: Called Strike 1-1: Ball 2-1: Ball 3-1: 2-RUN HOME RUN (Flyball, 89XD, EV 106.2 MPH), Distance : 391 ft
|
|
Batting: RHB Ighlas Mwara
|
0-0: Called Strike 0-1: Ball 1-1: Foul Ball, location: 2F 1-2: Strikes out swinging
|
| Top of the 7th over - 3 runs, 4 hits, 0 errors, 0 left on base; Hartford 3 - West Virginia 1 |
| BOTTOM OF THE 7TH |
|
West Virginia Power batting - Pitching for Hartford Yard Goats : RHP Curt De Kock
|
|
Pitching: RHP Josh Blaschke
|
|
|
Batting: RHB Dave Fredericks
|
0-0: Swinging Strike 0-1: Ball 1-1: Foul Ball, location: 2F 1-2: Strikes out swinging
|
|
Batting: RHB Jaime Dubicki
|
0-0: Called Strike 0-1: Ground out 6-3 (Groundball, 6, EV 106.2 MPH)
|
|
Batting: RHB Tim Moore
|
0-0: Foul Ball, location: 2F 0-1: Swinging Strike 0-2: Foul Ball, location: 2F 0-2: Ball 1-2: Ball 2-2: Foul Ball, location: 2F 2-2: Ball 3-2: Foul Ball, location: 2F 3-2: Foul Ball, location: 2F 3-2: Ground out 6-3 (Groundball, 6, EV 91.9 MPH)
|
| Bottom of the 7th over - 0 runs, 0 hits, 0 errors, 0 left on base; Hartford 3 - West Virginia 1 |
| TOP OF THE 8TH |
|
Hartford Yard Goats batting - Pitching for West Virginia Power : RHP Fred McIlrath
|
|
Batting: RHB Doug D'Onofrio
|
0-0: Called Strike 0-1: SINGLE (Groundball, 34D, EV 98.8 MPH)
|
|
Batting: LHB Mick Tucker
|
0-0: Foul Ball, location: 2F 0-1: Called Strike 0-2: Ball 1-2: Fielders Choice at 2nd, 4-6 (Groundball, 4, EV 88.1 MPH)
|
|
Batting: RHB Kevin Tangeman
|
0-0: Ball 1-0: Fly out, F7 (Flyball, 7D, EV 101.9 MPH)
|
|
Pitching: LHP Grady Hebert
|
|
|
Batting: LHB Paul McClintock
|
0-0: Ball 1-0: Fielders Choice at 2nd, 6-4 (Groundball, 6, EV 81.9 MPH)
|
| Top of the 8th over - 0 runs, 1 hit, 0 errors, 1 left on base; Hartford 3 - West Virginia 1 |
| BOTTOM OF THE 8TH |
|
West Virginia Power batting - Pitching for Hartford Yard Goats : RHP Josh Blaschke
|
|
Pitching: RHP Bobby Servin
|
|
|
Now at 1B: John Corfield
|
|
|
Batting: RHB Chris Beckham
|
0-0: Ball 1-0: Ground out U3 (Groundball, 34, EV 85.6 MPH)
|
|
Batting: RHB Seung-mun Kim
|
0-0: Foul Ball, location: 2F 0-1: Ball 1-1: Fly out, F8 (Flyball, 8RM, EV 88.8 MPH)
|
|
Batting: RHB Ken Manser
|
0-0: Ball 1-0: Ball 2-0: Ball 3-0: Base on Balls
|
|
Batting: RHB Terrence Wilson
|
0-0: 2-RUN HOME RUN (Flyball, 78XD, EV 98.1 MPH), Distance : 415 ft
|
|
Batting: RHB Alain Marquet
|
0-0: Ball 1-0: Hit by Pitch, AND HE CHARGES THE MOUND! The benches clear!
|
|
Pitching: RHP Befikadu Mthuthuzeli
|
|
|
Pinch Runner at 1st Brandon White:
|
|
|
Batting: LHB Tomohiro Yokoyama
|
0-0: Ball 1-0: Called Strike 1-1: Foul Ball, location: 2F 1-2: SINGLE (Line Drive, 3D, EV 103.1 MPH) Brandon White to second Runner from 2nd tries for 3rd, SAFE, throw by RF made to third
|
|
Batting: RHB Dave Fredericks
|
0-0: Foul Ball, location: 2F 0-1: Ball 1-1: Ball 2-1: Ball 3-1: Foul Ball, location: 2F 3-2: SINGLE (Line Drive, 6D, EV 96.2 MPH) Brandon White scores Tomohiro Yokoyama to second Tomohiro Yokoyama to third
|
|
Batting: RHB Jaime Dubicki
|
0-0: Ball 1-0: Ball 2-0: Foul Ball, location: 2F 2-1: Foul Ball, location: 2F 2-2: Ball 3-2: Foul Ball, location: 2F 3-2: Base on Balls Dave Fredericks to second
|
|
Batting: RHB Tim Moore
|
0-0: Ball 1-0: Called Strike 1-1: Swinging Strike 1-2: Strikes out swinging
|
| Bottom of the 8th over - 3 runs, 3 hits, 0 errors, 3 left on base; Hartford 3 - West Virginia 4 |
| TOP OF THE 9TH |
|
Hartford Yard Goats batting - Pitching for West Virginia Power : LHP Grady Hebert
|
|
Pitching: RHP Joel Olausson
|
|
|
Now at 1B: Killian Jones
|
|
|
Now in LF: Perry Dominey
|
|
|
Batting: RHB Seisaburo Edagawa
|
0-0: Ground out 6-3 (Groundball, 4M, EV 106.2 MPH)
|
|
Batting: SHB Craig Ruzic
|
0-0: Swinging Strike 0-1: Foul Ball, location: 2F 0-2: Ball 1-2: Foul Ball, location: 2F 1-2: Ball 2-2: Foul Ball, location: 2F 2-2: Foul Ball, location: 2F 2-2: Strikes out swinging
|
|
Batting: SHB Clayton Saunders
|
0-0: Called Strike 0-1: Called Strike 0-2: Foul Ball, location: 2F 0-2: Strikes out swinging
|
| Top of the 9th over - 0 runs, 0 hits, 0 errors, 0 left on base; Hartford 3 - West Virginia 4 |
|